[Event "ETCC Open 2023"]
[Site "Budva"]
[Date "2023.11.12"]
[Round "2.19"]
[White "Melkumyan, Hrant"]
[Black "Martinovic, Sasa"]
[Result "1-0"]
[ECO "D02"]
[WhiteElo "2650"]
[BlackElo "2542"]
[Annotator "TA"]
[PlyCount "87"]
[EventDate "2023.11.10"]
[EventType "team-tourn"]
[EventCountry "MNE"]
[SourceTitle "playchess.com"]
[Source "ChessBase"]
[SourceQuality "1"]
[WhiteTeam "Armenia"]
[BlackTeam "Croatia"]
[WhiteTeamCountry "ARM"]
[BlackTeamCountry "CRO"]
[TimeControl "40/5400+30:1800+30"]

1. d4 d5 2. Bf4 e6 3. e3 Nf6 4. Nd2 Bd6 5. Ngf3 Bxf4 6. exf4 Qd6 {[%emt 0:00:20] D02: 1 d4 d5 2 Nf3 sidelines, including 2...Nf6 3 g3 and 2...Nf6 3 Bf4.} 7. g3 $1 b6 8. Bd3 $5 {[%emt 0:10:08][%mdl 4] [#] A promising side line.} Ba6 $146 {[%emt 0:08:43] The position is equal.} ({Predecessor:} 8... c5 9. c3 Nc6 10. Qe2 O-O 11. O-O cxd4 12. Nxd4 Nxd4 13. cxd4 Bd7 14. Nf3 Rfc8 {½-½ Van Foreest,J (2671)-Djordjevic,V (2350) Chess.com Bullet op1 blitz 2020 (13)}) 9. Bxa6 Nxa6 10. O-O (10. c4 $5 O-O 11. O-O $11) 10... O-O 11. Qe2 {[%emt 0:01:11] [#]} b5 12. Ne5 (12. Qxb5 Rab8 13. Qa5 Rxb2 $11) (12. c3 $14) 12... Rab8 13. Ndf3 c5 14. Rfd1 c4 15. a3 Nc7 16. b4 Ne4 17. Qe1 {[%emt 0:00:52] Repels Nc3} f6 18. Ng4 (18. Nd3 $1 $11) 18... h5 19. Ne3 g5 {[%emt 0:00:27] Against Nh4} 20. Ng2 $1 h4 $36 {[%emt 0:03:08][%mdl 2048] Black fights for an advantage.} 21. fxg5 h3 (21... Nxg5 22. Ngxh4 Nxf3+ 23. Nxf3 $16) 22. gxf6 (22. Ne3 $11) 22... hxg2 $17 23. Ne5 Rxf6 24. f3 {[%emt 0:00:07] Hoping for Qe3.} Ng5 {[%emt 0:02:54][%cal Od6e5] And now ...Qxe5! would win.} 25. Qe3 Nf7 26. a4 (26. Re1 $142) 26... Rf5 (26... Qxb4 $6 27. Nd7 Qe7 28. Nxb8 $11) 27. Ng4 Kg7 28. axb5 Nxb5 29. f4 c3 (29... Qxb4 30. Qxe6 (30. Kxg2 $2 Qb2 $19) 30... Rh5 31. Ra6 $14 (31. Kxg2 Qd6 $17)) 30. Ra5 (30. Kxg2 $17 {was called for.} Qb6 31. Ra5) 30... Rb6 31. Rb1 Qc6 32. Qf2 a6 33. Kxg2 Nbd6 (33... Nfd6 $142 {...Ne4 would be deadly.} 34. Ne5 Qb7) 34. Ne3 (34. Qf3 $142) 34... Rf6 35. Qe2 Ne4 {[%emt 0:00:57] Wards off Rc5} ({Black should play} 35... Rg6 $17 {...Qb7 is the strong threat.} 36. Rba1 Nb5) 36. Rba1 $11 Rxb4 (36... Qe8 $1 $15) 37. Rxa6 Qb5 (37... Rb6 $11) 38. Qd1 $2 ({White must play} 38. Qg4+ $18 Kh7 39. Ra8 (39. Rxe6 Rxe6 40. Nf5 Neg5 $11) (39. Ra7 Rxd4 40. Qh5+ Kg7 $11)) 38... Rxd4 {[%emt 0:01:50][%mdl 64] Deflection} 39. Qxd4 {[%emt 0:01:39] Threatens to win with Qd1.} Qe2+ 40. Kg1 $1 {[%emt 0:00:28] aiming for Nf1.} (40. Kh1 $2 e5 41. Qa7 (41. Qxd5 Qf3+ 42. Ng2 Nf2+ {[%mdl 64] Discovered Attack} 43. Kg1 Nh3+ 44. Kh1 Qxd5 45. R6a4 exf4 46. Rf1 fxg3 47. Rxf6 Qd1+) (41. fxe5 Nf2+ 42. Kg2 Qf3+ 43. Kf1 Ng4+ {[%mdl 64] Discovered Attack, Double Attack} 44. Ke1 Qf2+ 45. Kd1 Nxe3+) 41... Nf2+ 42. Kg1 Rxa6 43. Qxa6 (43. Nf5+ $2 Kh8 $19) 43... Qxe3 $19) 40... Qf2+ 41. Kh1 {[%emt 0:02:36] Strongly threatening Rf1.} Kh7 {[%emt 0:07:53] [#]} (41... Qf3+ $11 {remains equal.} 42. Ng2 Nf2+ 43. Kg1 Nh3+ 44. Kh1 Nf2+ 45. Kg1 Nh3+ 46. Kh1 Nf2+) 42. Qd3 $1 $16 Ne5 {[%emt 0:09:40] [#] Repels Ng4} (42... Rg6 $16 {was necessary.}) 43. Ra7+ $1 $18 (43. fxe5 Qf3+ 44. Kg1 (44. Ng2 Qxd3 45. cxd3 Nf2+ 46. Kg1 Nh3+ 47. Kh1 Nf2+ 48. Kg1 Nh3+ 49. Kh1 Nf2+ $11) 44... Qf2+ 45. Kh1 Qf3+ 46. Ng2 Qxd3 47. exf6 (47. cxd3 Nf2+ 48. Kg1 Nh3+ 49. Kh1 Nf2+ 50. Kg1 Nh3+ 51. Kh1 Nf2+ $11) 47... Qxc2 $11) 43... Kh6 $2 (43... Kh8 44. Ra8+ (44. fxe5 $2 {gets mated.} Nxg3+ 45. hxg3 Rh6#) 44... Kg7 45. R1a7+ (45. fxe5 $2 Nxg3+ 46. hxg3 Rh6#) 45... Rf7 46. Rxf7+ (46. fxe5 Qf3+ 47. Kg1 Qf2+ 48. Kh1 Qf3+ 49. Kg1 Qf2+ 50. Kh1 $11) 46... Nxf7) 44. Qf1 {[%emt 0:00:47] A cool game by Melkumyan.   Weighted Error Value: White=0.36/Black=0.50} ({Not} 44. fxe5 Qf3+ 45. Kg1 Qf2+ 46. Kh1 Qf3+ 47. Ng2 (47. Kg1 Qf2+ 48. Kh1 $11) 47... Nf2+ 48. Kg1 Nxd3 49. exf6 Qf2+ 50. Kh1 Qxc2 $11) 1-0

[Event "ETCC Open 2023"]
[Site "Budva"]
[Date "2023.11.12"]
[Round "2.20"]
[White "Livaic, Leon"]
[Black "Sargsyan, Shant"]
[Result "1/2-1/2"]
[ECO "C77"]
[WhiteElo "2553"]
[BlackElo "2625"]
[Annotator "TA"]
[PlyCount "64"]
[EventDate "2023.11.10"]
[EventType "team-tourn"]
[EventCountry "MNE"]
[SourceTitle "playchess.com"]
[Source "ChessBase"]
[SourceQuality "1"]
[WhiteTeam "Croatia"]
[BlackTeam "Armenia"]
[WhiteTeamCountry "CRO"]
[BlackTeamCountry "ARM"]
[TimeControl "40/5400+30:1800+30"]

1. e4 e5 2. Nf3 Nc6 3. Bb5 a6 4. Ba4 Nf6 5. d3 b5 6. Bb3 Bc5 7. Nc3 {[%emt 0:00:34] 7.c3 gains popularity.} h6 {[%emt 0:01:39] C77: Ruy Lopez: 3...a6 4 Ba4 Nf6, unusual lines.} 8. Nd5 d6 9. c3 Be6 10. Nxf6+ Qxf6 11. O-O Ne7 12. Be3 {[%emt 0:08:50] [#]} Bxb3 $146 ({Predecessor:} 12... Bxe3 13. fxe3 O-O 14. h3 Qg6 15. Kh2 Bxb3 16. Qxb3 d5 17. g3 Qd6 18. exd5 Nxd5 {½-½ Montalvo,M-Mazzonna,R (1669) W-ch WS/O/1323 email 2021}) 13. axb3 Bxe3 14. fxe3 O-O 15. b4 Qe6 16. Nd2 ({White should try} 16. d4) 16... c5 $11 17. bxc5 dxc5 18. Qe2 Rfd8 19. Nf3 Ng6 20. Rfd1 a5 21. d4 c4 (21... Qb6 {feels hotter.} 22. dxc5 Qxc5 23. Rxd8+ Rxd8 24. Rxa5 Nf4) 22. dxe5 Nxe5 (22... a4 $15) 23. Nxe5 {[%emt 0:01:35] The position is equal.} Qxe5 24. Rxa5 {[%emt 0:02:34][%mdl 64] [#] Deflection} Rxd1+ 25. Qxd1 Rxa5 26. Qd8+ Kh7 {[%emt 0:00:03] ( -> ...Ra1+)} 27. Qxa5 Qxe4 28. Qxb5 Qxe3+ {[%emt 0:00:30] KQ-KQ} 29. Kf1 Qf4+ 30. Kg1 f5 31. h3 Qe3+ 32. Kh2 Qf4+ {[%emt 0:00:37] A rather calm draw.   Weighted Error Value: White=0.09 (flawless) /Black=0.06 (flawless)} 1/2-1/2

[Event "ETCC Open 2023"]
[Site "Budva"]
[Date "2023.11.12"]
[Round "2.21"]
[White "Rodshtein, Maxim"]
[Black "Anton Guijarro, David"]
[Result "1/2-1/2"]
[ECO "D02"]
[WhiteElo "2582"]
[BlackElo "2668"]
[Annotator "TA"]
[PlyCount "89"]
[EventDate "2023.11.10"]
[EventType "team-tourn"]
[EventCountry "MNE"]
[SourceTitle "playchess.com"]
[Source "ChessBase"]
[SourceQuality "1"]
[WhiteTeam "Israel"]
[BlackTeam "Spain"]
[WhiteTeamCountry "ISR"]
[BlackTeamCountry "ESP"]
[TimeControl "40/5400+30:1800+30"]

1. Nf3 d5 2. g3 Nd7 3. d4 Nb6 4. Nbd2 Bf5 5. Nh4 Bg4 6. h3 {[%emt 0:06:25][%cal Bh2h3,Bh3h4][%mdl 32] D02: 1 d4 d5 2 Nf3 sidelines, including 2...Nf6 3 g3 and 2...Nf6 3 Bf4.} Bh5 7. Ng2 f6 8. Nf4 {[%emt 0:08:06] White is slightly better.} Bf7 9. Nd3 {[%emt 0:07:06] [#]} Qd6 $146 ({Predecessor:} 9... e5 10. dxe5 c5 11. exf6 Nxf6 12. Bg2 Bd6 13. Nf3 Qe7 14. O-O O-O 15. Bf4 Bxf4 16. Nxf4 {½-½ Blohberger,F (2434)-Mosesov,D (2290) Zadar op-A 26th 2019 (7)}) 10. Nf3 g5 (10... Nd7 $11) 11. h4 g4 12. Bf4 Qc6 13. Nh2 (13. Nd2 $14) 13... h5 $11 14. Bg2 Bh6 15. Qd2 Nc4 16. Qc3 Qb6 17. b3 Nd6 18. a4 {[%emt 0:02:19][%cal Ba2a4,Ba4a5][%mdl 32] Prevents Nb5.} Ne4 19. Bxe4 ({Reject} 19. Qxc7 Bxf4 20. Qxf4 Qxd4 $17) 19... dxe4 20. a5 $1 (20. Bxc7 $2 {perishes.} Rc8 21. Bxb6 Rxc3 $19) 20... Qb5 21. Nb2 Bxf4 22. gxf4 {[%emt 0:00:05] [#]} e3 23. fxe3 $14 Bd5 24. Rg1 Nh6 25. Nf1 Nf5 26. Ng3 Nxg3 27. Rxg3 Be4 28. Nd3 Qf5 (28... Qd5 $14 {was preferrable.}) 29. Qc5 (29. Qxc7 $2 {too greedy.} Rc8 $19) ({White should try} 29. a6 $16) 29... Bxd3 30. exd3 Qxc5 31. dxc5 {[%emt 0:00:04][%mdl 4096] Endgame KRR-KRR} e5 32. f5 {[%emt 0:01:33] White is more active.} Kd7 33. Ke2 (33. b4 $14) 33... b6 $11 {[%emt 0:01:56] The position is equal.} 34. axb6 axb6 35. Rxa8 Rxa8 36. cxb6 cxb6 {[%emt 0:00:04] KR-KR} 37. Rg1 b5 38. e4 b4 39. Ke3 Kd6 (39... Ra2 $5 ) 40. Rd1 Rc8 41. Rd2 Rc7 42. Rg2 Rc8 43. Rd2 Rc7 44. Rg2 Rc8 45. Rd2 {[%emt 0:00:10] Weighted Error Value: White=0.09 (flawless) /Black=0.11 (very precise)} 1/2-1/2

[Event "ETCC Open 2023"]
[Site "Budva"]
[Date "2023.11.12"]
[Round "2.22"]
[White "Santos Latasa, Jaime"]
[Black "Nabaty, Tamir"]
[Result "1/2-1/2"]
[ECO "C67"]
[WhiteElo "2635"]
[BlackElo "2632"]
[Annotator "TA"]
[PlyCount "64"]
[EventDate "2023.11.10"]
[EventType "team-tourn"]
[EventCountry "MNE"]
[SourceTitle "playchess.com"]
[Source "ChessBase"]
[SourceQuality "1"]
[WhiteTeam "Spain"]
[BlackTeam "Israel"]
[WhiteTeamCountry "ESP"]
[BlackTeamCountry "ISR"]
[TimeControl "40/5400+30:1800+30"]

1. e4 e5 2. Nf3 Nc6 3. Bb5 Nf6 4. O-O Nxe4 5. Re1 Nd6 6. Nxe5 Be7 7. Bf1 Nxe5 8. Rxe5 O-O 9. d4 Ne8 {[%emt 0:00:09] C67: Ruy Lopez: Berlin Defence: 4 0-0 Nxe4.} 10. Bd3 Bf6 {[%emt 0:13:09] Black is weak on the light squares} 11. Re1 (11. Qh5 g6 12. Qh6 Bxe5 13. dxe5 d5 $17) 11... d5 {[%emt 0:00:32] White has an edge.} 12. c3 {[%emt 0:01:21] [#]} ({Much weaker is} 12. Qh5 g6 13. Qf3 Bxd4 $15) 12... b6 $146 ({Predecessor:} 12... c6 13. a4 a5 14. Bf4 g6 15. Nd2 Ng7 16. Be5 Bf5 17. Nf3 Bg4 18. h3 Bxf3 19. Qxf3 Bxe5 20. Rxe5 {1-0 Kovalev,V (2648)-Petrosyan,M (2607) PNWCC Online blitz JP 14th 2020 (11)}) 13. Bf4 c5 14. Be5 ({Of course not} 14. Qh5 g6 15. Qf3 cxd4) 14... Be6 15. Nd2 Bxe5 16. dxe5 f6 17. f4 g6 18. Nf3 Ng7 19. Qd2 Kh8 20. Rf1 {[%emt 0:05:53] White is more active.} fxe5 21. fxe5 {[%emt 0:00:43][%cal Od3g6] Strongly threatening Bxg6!} (21. Nxe5 $5 d4 22. Bxg6 $16) 21... Kg8 $1 22. Ng5 Qe7 23. Bc2 {[%emt 0:01:21][%cal Bd3c2,Bc2a4,Ba4b3,Bb3d5][%mdl 32] The position is equal.} Rad8 (23... Kh8 {simplifies} 24. Nxe6 Qxe6 25. Qg5 Kg8) 24. Rxf8+ (24. Bb3 {looks sharper.} c4 25. Bc2 Bf5 26. Bxf5 Rxf5 27. Rxf5 Nxf5 28. Nf3) 24... Rxf8 25. Nxe6 Qxe6 26. Rd1 Rd8 27. Qg5 Re8 28. Ba4 Qxe5 29. Qxe5 Rxe5 30. Rxd5 Rxd5 31. Bb3 Kf7 {[%emt 0:00:29][%cal Of7e6] [#] Hoping for ...Ke6!} 32. Bxd5+ Kf6 {[%emt 0:00:03] Weighted Error Value: White=0.05 (flawless) /Black=0.05 (flawless)} 1/2-1/2

[Event "ETCC Open 2023"]
[Site "Budva"]
[Date "2023.11.12"]
[Round "2.23"]
[White "Smirin, Ilia"]
[Black "Shirov, Alexei"]
[Result "1/2-1/2"]
[ECO "C80"]
[WhiteElo "2578"]
[BlackElo "2668"]
[Annotator "TA"]
[PlyCount "61"]
[EventDate "2023.11.10"]
[EventType "team-tourn"]
[EventCountry "MNE"]
[SourceTitle "playchess.com"]
[Source "ChessBase"]
[SourceQuality "1"]
[WhiteTeam "Israel"]
[BlackTeam "Spain"]
[WhiteTeamCountry "ISR"]
[BlackTeamCountry "ESP"]
[TimeControl "40/5400+30:1800+30"]

1. e4 e5 2. Nf3 Nc6 3. Bb5 a6 4. Ba4 Nf6 5. O-O Nxe4 6. d4 b5 7. Bb3 d5 8. dxe5 Be6 9. Nbd2 Nc5 10. c3 d4 11. Bxe6 Nxe6 12. cxd4 Ncxd4 13. a4 Be7 14. Nxd4 Nxd4 15. Ne4 {[%emt 0:03:45] aiming for axb5. C80: Open Ruy Lopez: Sidelines and 9 Nbd2.} O-O 16. axb5 Nxb5 17. Be3 Qxd1 18. Rfxd1 f5 {[%emt 0:06:05] [#]} (18... Rfe8 $14 {is more appropriate.}) 19. exf6 $1 $16 Bxf6 20. Ra2 {[%emt 0:05:45] [#]} Nd6 $146 ({Predecessor:} 20... Be5 21. Nc5 a5 22. g3 Rfe8 23. Rd7 c6 24. Kg2 Nc7 25. Nd3 Nd5 26. Bc5 Bc7 {½-½ Rivas Romero,G (2322)-Rivas Maceda,J (2309) PER Cup16 fin email 2011}) 21. Nxf6+ Rxf6 22. Ra4 Nb5 23. h3 Re8 24. Rd7 Ree6 25. Bc5 {[%emt 0:01:21] Rd8+ would be deadly.} h6 26. Rg4 {[%emt 0:03:38] White is much more active.} Rf7 27. Rd8+ Kh7 28. Ra8 Rf5 29. Be3 Rff6 30. Kh2 Rc6 31. Ra4 {[%emt 0:05:25] Weighted Error Value: White=0.08 (flawless) /Black=0.13 (very precise)} 1/2-1/2

[Event "ETCC Open 2023"]
[Site "Budva"]
[Date "2023.11.12"]
[Round "2.24"]
[White "Iturrizaga Bonelli, Eduardo"]
[Black "Postny, Evgeny"]
[Result "0-1"]
[ECO "D31"]
[WhiteElo "2621"]
[BlackElo "2577"]
[Annotator "TA"]
[PlyCount "148"]
[EventDate "2023.11.10"]
[EventType "team-tourn"]
[EventCountry "MNE"]
[SourceTitle "playchess.com"]
[Source "ChessBase"]
[SourceQuality "1"]
[WhiteTeam "Spain"]
[BlackTeam "Israel"]
[WhiteTeamCountry "ESP"]
[BlackTeamCountry "ISR"]
[TimeControl "40/5400+30:1800+30"]

1. c4 e6 2. Nc3 d5 3. cxd5 exd5 4. d4 c6 5. Bf4 Bd6 6. Bg3 Ne7 7. e3 Nf5 8. Bd3 Nxg3 {[%emt 0:15:09] D31: Queen's Gambit Declined: Semi-Slav without ...Nf6 (+ Marshall Gambit and Noteboom) and Exchange Variation lines without ...Nf6.} 9. hxg3 Nd7 10. Qc2 (10. Bxh7 $2 Nf6 11. Qc2 g6 $19) (10. Rxh7 $2 Rxh7 11. Bxh7 g6 $19) 10... Nf6 {[%emt 0:00:49] The position is equal.} 11. O-O-O Qe7 12. Nf3 Be6 {[%emt 0:21:17] [#]} 13. Ng5 $146 ({Predecessor:} 13. Kb1 O-O-O 14. Nb5 Bb8 15. Ne5 Bxe5 16. dxe5 Ng4 17. Nxa7+ Kb8 18. Nxc6+ bxc6 19. Qxc6 Nxf2 {0-1 Narmontas,R (2004)-Pultinevicius,P (2512) Plunge op 40th 2020 (7)}) 13... Bg4 14. Rde1 O-O-O 15. e4 (15. Nxh7 $11 Nxh7 16. Bxh7) 15... dxe4 $15 16. Ngxe4 Kb8 $1 17. Nc5 Qc7 18. Nb3 g6 19. Kb1 Rhe8 20. a3 Be6 21. Ne4 Nxe4 22. Bxe4 h5 23. Re3 f5 24. Bf3 Qf7 25. Nc5 Ba2+ 26. Ka1 Rxe3 27. fxe3 Bxc5 (27... Bxg3 28. b3 $16) (27... Qc4 $17 28. Qf2 Bxc5) 28. Qxc5 Bd5 29. Re1 (29. Rc1 $142) 29... Qc7 $1 $17 30. Bxd5 Qxg3 (30... Rxd5 31. Qf8+ Rd8 32. Qf6 $17) (30... cxd5 31. Qxc7+ Kxc7 32. Kb1 $17) 31. Rc1 cxd5 $19 {[%emt 0:03:21][%mdl 4096] Endgame KQR-KQR} (31... Rxd5 $19 32. Qb4 (32. Qf8+ $2 Kc7 $17) 32... Kc8) 32. Qe7 $15 Qd6 33. Qf7 Rf8 34. Qg7 Re8 $36 {[%emt 0:02:56][%mdl 2048] Black fights for an advantage.} 35. Rc5 a6 (35... Rxe3 $2 36. Qh8+) 36. Qf7 ({Better is} 36. Rc3 $15) 36... Qe6 (36... Rxe3 $142 {Hoping for ...Ka7.} 37. Qg8+ Ka7) 37. Qc7+ ({White should play} 37. Qg7) 37... Ka7 $1 $17 38. Rc3 Re7 {[%emt 0:00:49] Wards off Qg7} (38... Qe7 $142 {Strongly threatening ...Qxc7.} 39. Qg3 g5) 39. Qd8 Re8 {[%emt 0:00:26] Wards off Rc8} ({Black should try} 39... Qd7 40. Qg8 Qe6) 40. Qc7 Qe7 {[%emt 0:00:58] Against Qg7} 41. Qg3 g5 42. Qf3 Qf7 43. Qg3 g4 {[%emt 0:01:55] aiming for ...Qf6.} (43... Qe7 44. Qh3 $17) 44. Qd6 Qe6 45. Qc7 (45. Qc5+ $142 Ka8 46. Qc7) 45... Qe7 46. Qf4 Qe4 47. Qh2 {[%emt 0:07:52] [#]} h4 48. Qxh4 $19 Qxg2 {[%emt 0:00:13] ...Qg1+ would be deadly.} 49. Ka2 Qh3 50. Qf6 Qh7 {[%emt 0:01:00] Prevents Qf7.} (50... Rxe3 51. Rc8 $11) 51. Qd6 {[%emt 0:02:42] Wards off g3} Qf7 (51... Qe7 $19 52. Qxd5 g3) 52. Rc5 $2 (52. Qc5+ $17 Ka8 53. Qd6) 52... Qe6 (52... Rxe3 $2 {is the wrong capture.} 53. Rc8 Qe7 54. Qb8+ Kb6 55. Qf4 $17) 53. Qxd5 Qxd5+ ({Not} 53... Qxe3 54. Rc7 Qe6 55. Rxb7+ Ka8 56. Qxe6 Rxe6 57. Rf7 $11) 54. Rxd5 {[%emt 0:00:03] KR-KR} Rf8 ({Worse is} 54... Rxe3 55. Rxf5 Kb6 56. Kb1 $17) 55. Rc5 Kb6 (55... g3 $19 {...Kb6 is the strong threat.} 56. Rc1 f4 57. exf4 Rxf4) 56. a4 {[%emt 0:01:59] [#]} (56. Rc2 $17 {keeps fighting.}) 56... a5 $1 57. Rc1 f4 58. exf4 Rxf4 59. Rc5 (59. Rc3 {might work better.}) 59... Rxd4 60. Rb5+ (60. Rf5 $142 Rxa4+ 61. Kb3) 60... Kc6 61. Rxa5 Rd5 62. Ra8 {[%emt 0:00:03] [#]} Rg5 $1 63. Rc8+ Kd5 64. b4 Kd4 (64... Rg7 $19 65. Rd8+ Ke4 66. Re8+ Kf5) 65. Kb3 {[%emt 0:00:34] Black mates.} g3 66. Rd8+ Ke3 67. Re8+ Kf3 68. Rf8+ Kg4 69. Rf1 g2 70. Rg1 Kf3 71. b5 Rg4 72. a5 Kf2 73. Ra1 g1=Q 74. Rxg1 Kxg1 {[%emt 0:00:04] Weighted Error Value: White=0.34/Black=0.19 (very precise)} 0-1

[Event "ETCC Open 2023"]
[Site "Budva"]
[Date "2023.11.12"]
[Round "2.25"]
[White "Bacrot, Etienne"]
[Black "Yilmaz, Mustafa"]
[Result "1/2-1/2"]
[ECO "C88"]
[WhiteElo "2668"]
[BlackElo "2650"]
[Annotator "RC"]
[PlyCount "54"]
[EventDate "2023.11.10"]
[EventType "team-tourn"]
[EventCountry "MNE"]
[SourceTitle "playchess.com"]
[Source "ChessBase"]
[SourceQuality "1"]
[WhiteTeam "France"]
[BlackTeam "Turkey"]
[WhiteTeamCountry "FRA"]
[BlackTeamCountry "TUR"]
[TimeControl "40/5400+30:1800+30"]

1. e4 e5 2. Nf3 Nc6 3. Bb5 a6 4. Ba4 Nf6 5. O-O Be7 6. Re1 b5 7. Bb3 O-O 8. h3 Bb7 9. d3 d5 10. exd5 Nxd5 11. Nbd2 Qd7 12. a4 Nf4 13. Ne4 Ng6 14. h4 Qg4 15. Bg5 Bxg5 16. hxg5 Na5 17. Ba2 bxa4 18. Nfd2 Qf5 19. Nf1 Bxe4 20. Rxe4 Qxg5 21. Rg4 Qd8 22. Rxa4 Nb7 23. Ne3 Nc5 24. Ra5 Nb7 25. Ra4 Nc5 26. Ra5 Nb7 27. Ra4 Nc5 1/2-1/2

[Event "ETCC Open 2023"]
[Site "Budva"]
[Date "2023.11.12"]
[Round "2.26"]
[White "Can, Emre"]
[Black "Moussard, Jules"]
[Result "1/2-1/2"]
[ECO "E15"]
[WhiteElo "2566"]
[BlackElo "2639"]
[Annotator "TA"]
[PlyCount "75"]
[EventDate "2023.11.10"]
[EventType "team-tourn"]
[EventCountry "MNE"]
[SourceTitle "playchess.com"]
[Source "ChessBase"]
[SourceQuality "1"]
[WhiteTeam "Turkey"]
[BlackTeam "France"]
[WhiteTeamCountry "TUR"]
[BlackTeamCountry "FRA"]
[TimeControl "40/5400+30:1800+30"]

1. d4 Nf6 2. c4 e6 3. Nf3 b6 4. g3 Ba6 5. b3 Bb4+ 6. Bd2 Be7 7. Nc3 d5 8. cxd5 exd5 9. Bg2 O-O 10. O-O Re8 11. Ne5 {[%emt 0:00:00][%cal Ob3b4] E15: Queen's Indian: 4 g3 sidelines, 4 g3 Ba6 and 4 g3 Bb7 early deviations.} Bb7 12. Qc2 c5 13. dxc5 {[%emt 0:00:00] White has an edge.} bxc5 14. Rad1 Qc8 15. Rfe1 {[%emt 0:00:00] [#]} Na6 $146 (15... Bf8 $11 16. Nd3 Nbd7) ({Predecessor:} 15... Bf8 16. Nd3 Nc6 17. Qc1 c4 18. bxc4 dxc4 19. Nf4 Nb4 20. Bxb7 Qxb7 21. a3 Nc6 {½-½ Klapp,H (2301)-Werner,J (2368) GER DSF C12 f email rapid 2019}) 16. Nd3 (16. e4 $1 $14) 16... d4 {[%emt 0:04:27] The position is equal.} (16... Nb4 {seems wilder.} 17. Qc1 d4 18. Bxb7 Qxb7 19. Na4 Nxd3 20. exd3 Qf3) 17. Bxb7 Qxb7 18. Na4 Ne4 {[%emt 0:00:49] Repels Bg5} 19. f3 Nxd2 20. Qxd2 Qb5 {[%emt 0:12:11] Strongly threatening ...c4.} 21. Qc1 Bd8 22. e4 (22. Naxc5 Rc8 23. b4 (23. a4 Qa5 $17) 23... Nxb4 $17) (22. Ndxc5 Ba5 23. Ne4 Bxe1 24. Rxe1 Rad8 $17) 22... dxe3 23. Rxe3 {[%emt 0:00:00] [#] Qc4 is the strong threat.} (23. Naxc5 $2 e2 24. Rd2 Nxc5 25. Nxc5 Ba5 $19) 23... Bf6 24. Rxe8+ (24. Naxc5 $2 Bd4 25. Ne4 Rac8 $19) (24. Ndxc5 Rec8 25. Rd5 Nc7 $17) 24... Rxe8 25. Re1 (25. Naxc5 $2 {perishes.} Bd4+ 26. Kh1 Nxc5 $19) (25. Ndxc5 $2 Rc8 26. Rd5 Nxc5 $19) 25... Rd8 26. Ne5 (26. Naxc5 $2 {is the wrong capture.} Bd4+ 27. Kg2 Nxc5 $19) 26... h5 27. Qc4 Qxc4 28. Nxc4 Nb4 29. Kf1 Bd4 30. Re2 Kf8 31. Rd2 Re8 32. a3 Nc6 33. Rc2 Rb8 34. Nd2 Na5 35. Nxc5 Bxc5 {[%emt 0:00:03][%mdl 64] [#] Remove Defender} 36. Rxc5 Nxb3 37. Nxb3 Rxb3 38. Rc8+ {[%emt 0:00:23] An even fight not without its subleties.   Weighted Error Value: White=0.08 (flawless) /Black=0.06 (flawless)} 1/2-1/2

[Event "ETCC Open 2023"]
[Site "Budva"]
[Date "2023.11.12"]
[Round "2.27"]
[White "Fressinet, Laurent"]
[Black "Ali Marandi, Cemil Can"]
[Result "1/2-1/2"]
[ECO "C77"]
[WhiteElo "2640"]
[BlackElo "2544"]
[Annotator "TA"]
[PlyCount "67"]
[EventDate "2023.11.10"]
[EventType "team-tourn"]
[EventCountry "MNE"]
[SourceTitle "playchess.com"]
[Source "ChessBase"]
[SourceQuality "1"]
[WhiteTeam "France"]
[BlackTeam "Turkey"]
[WhiteTeamCountry "FRA"]
[BlackTeamCountry "TUR"]
[TimeControl "40/5400+30:1800+30"]

1. e4 e5 2. Nf3 Nc6 3. Bb5 a6 4. Ba4 Nf6 5. d3 d6 6. c4 g6 7. h3 Bg7 8. Nc3 O-O 9. O-O Nh5 {[%emt 0:07:20] [#] C77: Ruy Lopez: 3...a6 4 Ba4 Nf6, unusual lines.} 10. Bg5 $146 ({Predecessor:} 10. Be3 Nd4 11. Bxd4 exd4 12. Ne2 c5 13. Kh2 f5 14. Nd2 f4 15. f3 Bf6 16. g4 fxg3+ 17. Kg2 {0-1 Komiagina,M (2241)-Matinian,N (2454) Speed Chess Super Swiss blitz 2021 (1)}) 10... f6 11. Be3 f5 {[%emt 0:01:01] White is slightly better.} 12. exf5 (12. Bxc6 $5 bxc6 13. exf5 $11) 12... gxf5 13. Bxc6 bxc6 {[%emt 0:00:06] [#]} 14. Nxe5 $1 {[%emt 0:00:32][%mdl 64] Discovered Attack} Bxe5 (14... dxe5 15. Qxh5 Rb8 16. Rab1 $16 (16. Bc5 Rf6 $16)) 15. Qxh5 f4 16. Bd2 Rb8 17. Rab1 (17. b3 $5) 17... f3 18. Rfe1 $36 {[%emt 0:15:48][%mdl 2048] And now Bh6 would win. White is more active.} (18. gxf3 Qf6 $11) 18... fxg2 19. Bh6 $1 Rf7 (19... Bd4 20. Bxf8 Qf6 21. Nd1 Kxf8 22. Qe8+ (22. Kxg2 Bf5 $16) 22... Kg7 23. Re7+ Kh6 24. Rf7 $18 (24. Kxg2 $2 Bxh3+ 25. Kxh3 Rxe8 $19)) 20. Ne4 {[%emt 0:03:03] Hoping for d4. Chess con chili.} Bf5 21. Ng5 Rf6 {[%emt 0:03:55] ...Qe8 would be deadly.} 22. Nf3 $1 {[%emt 0:08:35] Black must now prevent Bg5.} Bg6 (22... Bxb2 $2 23. Rxb2 (23. Kxg2 Rg6+ 24. Bg5 Qf8 $11) 23... Rxh6 24. Rxb8 Rxh5 25. Rxd8+ $18) (22... Rxb2 $2 23. Qg5+ (23. Kxg2 Rxb1 24. Rxb1 Rg6+ 25. Kh1 Bxd3 $17) 23... Bg6 24. Nxe5 (24. Qxg2 Rxb1 25. Rxb1 Bf4 $11) 24... Rxb1 25. Rxb1 $18) ({Black should try} 22... Qe8 $14 23. Qg5+ Qg6) 23. Qg4 $16 Qc8 {[%emt 0:02:01] Strongly threatening ...Qxg4.} 24. Nxe5 (24. Qxg2 Bf4 25. Bxf4 Rxf4 $14) 24... dxe5 25. Qxg2 ({Reject} 25. Kxg2 Qxg4+ 26. hxg4 Bxd3 $15) 25... Qf5 26. Re3 $1 Qh5 27. Bg5 Rf5 {[%emt 0:00:09] [#]} 28. Rg3 ({Resist} 28. Be7 Re8 29. Bb4 Rg5) 28... Rbf8 {[%emt 0:00:59] [#]} 29. Be3 (29. Re1 $1 $16) 29... Rf3 $14 30. Rg5 Qxh3 31. Qxh3 Rxh3 32. Rxe5 Bxd3 33. Rd1 Bf5 (33... Bxc4 $14 34. Kg2 Rh4) 34. Rd4 {[%emt 0:00:34] Weighted Error Value: White=0.07 (flawless) /Black=0.14 (very precise)} ({White should play} 34. Bc5 $16 Rf6 35. Rd8+ Kg7 36. b3 (36. Re7+ Kg6 $16)) 1/2-1/2